 Dungeon Crawl Stone Soup version 0.26-a0-800-g517d6fe721 (webtiles) character file.

Game seed: 9282888786770457959

496 jalala the Bolt Thrower (level 7, -2/44 HPs)
             Began as a Kobold Hunter on Nov 11, 2020.
             Killed from afar by a white imp (4 damage)
             ... with a puff of frost
             ... on level 4 of the Dungeon.
             The game lasted 00:05:41 (5141 turns).

jalala the Bolt Thrower (Kobold Hunter)             Turns: 5141, Time: 00:05:42

Health: -2/44      AC:  8    Str: 11    XL:     7   Next: 38%
Magic:  0/7        EV: 16    Int: 13    God:
Gold:   166        SH:  0    Dex: 17    Spells: 6/6 levels left

rFire    + . .     SeeInvis +   b - +1 short sword (venom)
rCold    . . .     Faith    .   (shield restricted)
rNeg     . . .     Spirit   +   v - +2 leather armour of Going Fast {rElec rF+ SInv}
rPois    .         Reflect  .   p - +2 helmet
rElec    +         Harm     .   (no cloak)
rCorr    .         Rampage  .   (no gloves)
MR       +....                  (no boots)
Stlth    +++.......             m - amulet of guardian spirit
HPRegen  0.14/turn              (no ring)
MPRegen  0.10/turn              (no ring)

@: no status effects
A: small, agile 1, magic resistance 1, nightstalker 3
a: no special abilities


You were on level 4 of the Dungeon.
You visited 1 branch of the dungeon, and saw 5 of its levels.

You collected 166 gold pieces.

Inventory:

Hand Weapons
 a - a +1 hand crossbow
 b - a +1 short sword of venom (weapon)
Missiles
 d - 56 bolts
Armour
 c - a +0 leather armour
 e - a +0 scale mail
 p - a +2 helmet (worn)
 v - the +2 leather armour of Going Fast (worn) {rElec rF+ SInv}
   (You found it on level 4 of the Dungeon)

   It protects you from fire.
   It insulates you from electricity.
   It lets you see invisible.
Jewellery
 m - an amulet of guardian spirit (around neck)
 n - an uncursed ring of positive energy {unknown}
Wands
 r - a wand of flame (8)
Scrolls
 f - a scroll of teleportation {unknown}
 h - 2 scrolls of magic mapping {unknown}
 i - a scroll of amnesia {unknown}
 k - a scroll of fog {unknown}
 l - a scroll of enchant armour {unknown}
 u - a scroll of identify {unknown}
Potions
 g - a potion of flight {unknown}
 j - a potion of might {unknown}
 o - a potion of magic {unknown}
 q - a potion of curing {unknown}
 s - a potion of brilliance {unknown}
 t - a potion of haste {unknown}


   Skills:
 * Level 4.8 Fighting
 * Level 7.7 Crossbows
 + Level 1.7 Armour
 + Level 3.7 Dodging
 - Level 1.3 Stealth


You had 6 spell levels left.
You didn't know any spells.
Your spell library was empty.

Dungeon Overview and Level Annotations

Branches:
Dungeon (5/15)
 Temple: D:4-7

Altars:
Elyvilon
Uskayaw
Yredelemnul
The Shining One

Annotations:
D:3 1 runed translucent door, frankcastle's ghost, weakling GnDe


Innate Abilities, Weirdness & Mutations

You are small and have problems with some larger weapons.
You are completely attuned to the shadows.
You are agile. (Dex +2)
You are resistant to hostile enchantments. (MR+)


Message History

The white imp gestures at you. The puff of frost misses you.
The puff of frost hits the orc priest.
The orc priest hits you with a +1 war axe of freezing.
The orc priest freezes you.
* * * LOW HITPOINT WARNING * * *
Your +1 short sword of venom begins to drip with poison!
b - a +1 short sword of venom (weapon)
The white imp shouts, "Scamper home, thou gorbellied idle-headed snake-molt!"
The white imp gestures at you.
The puff of frost hits you but does no damage.
You hit the orc priest but do no damage.
The orc priest is poisoned.
The orc priest is severely wounded.
The orc priest hits you with a +1 war axe of freezing!
* * * LOW HITPOINT WARNING * * *
The orc priest freezes you.
* * * LOW HITPOINT WARNING * * *
The white imp gestures at you. The puff of frost hits you.
You die...

#.# #.# # #.# #[# # #.#
#.# # #.# #.########## #
#.### #..........# #...#
##########.# ###.# #.#
#5# #.# #@# #.# #o# #.#
#.# #.#
#######.############.##
#......(..............#
#.#####.###########..###
#.# #.# #........... #.#
#.# #.##.##...## #.##
#.#####.##........


You could see an orc priest (very poisoned) and a white imp.

Vanquished Creatures
  An ogre (D:4)
  A centaur (D:5)
  A water moccasin skeleton (D:4)
  A centaur skeleton (D:2)
  Natasha (thrice) (D:3)
  A hound skeleton (D:2)
  9 adders
  An adder skeleton (D:4)
  3 worms
  2 dart slugs
  4 leopard geckos
  An orc (D:4)
  8 giant cockroaches
  4 goblins
  5 hobgoblins
  4 jackals
  5 kobolds
  5 quokkas
  2 ball pythons
  8 bats
  3 frilled lizards
  8 rats
80 creatures vanquished.

Notes
Turn   | Place    | Note
-------+----------+-------------------------------------------
     0 | D:1      | jalala the Kobold Hunter began the quest for the Orb.
     0 | D:1      | Reached XP level 1. HP: 12/12 MP: 1/1
    30 | D:1      | Reached skill level 5 in Crossbows
   163 | D:1      | Reached XP level 2. HP: 16/18 MP: 2/2
   250 | D:1      | Gained mutation: You are resistant to hostile enchantments.
                  | (MR+) [potion of mutation]
   250 | D:1      | Gained mutation: You are agile. (Dex +2) [potion of
                  | mutation]
   843 | D:1      | Reached XP level 3. HP: 22/22 MP: 3/3
  1282 | D:2      | Reached skill level 6 in Crossbows
  1282 | D:2      | Reached XP level 4. HP: 17/28 MP: 4/4
  1681 | D:2      | Reached XP level 5. HP: 30/32 MP: 5/5
  2316 | D:3      | Found a runed translucent door.
  2316 | D:3      | Noticed frankcastle's ghost (weakling GnDe)
  2317 | D:3      | Noticed a bullfrog
  2360 | D:3      | Noticed Natasha
  2711 | D:3      | Killed Natasha
  2896 | D:3      | Reached skill level 1 in Armour
  3050 | D:3      | Reached XP level 6. HP: 28/38 MP: 6/6
  3231 | D:3      | Found a white marble altar of Elyvilon.
  3313 | D:3      | Found a white marble altar of Elyvilon.
  3328 | D:3      | Found a hide-covered altar of Uskayaw.
  3432 | D:3      | Reached skill level 7 in Crossbows
  3451 | D:3      | Noticed Natasha
  3495 | D:3      | Found a basalt altar of Yredelemnul.
  3515 | D:3      | Found a glowing golden altar of the Shining One.
  3523 | D:3      | Killed Natasha
  3570 | D:3      | Noticed Natasha
  3581 | D:3      | Killed Natasha
  4310 | D:4      | Noticed an ogre
  4321 | D:4      | Killed an ogre
  4565 | D:4      | Reached XP level 7. HP: 43/44 MP: 7/7
  4816 | D:4      | Got a heavily runed leather armour
  4915 | D:4      | Identified the +2 leather armour of Going Fast {rElec rF+
                  | SInv} (You found it on level 4 of the Dungeon)
  4929 | D:5      | Entered Level 5 of the Dungeon
  5141 | D:4      | HP: 2/44 [orc priest/+1 war axe of freezing (4)]
  5141 | D:4      | Killed from afar by a white imp

Illustrated notes

Levels and vault maps discovered:
D:1:      lemuel_arrival_lava_pool, layout_basic, minmay_misc_feat_iff,
          serial_bayou_crossing
D:2:      layout_rooms
D:3:      layout_basic, overflow_temple_1_default, old_standard_altar,
          eat_drink_and_be_merry_uskayaw, tso_metal_star,
          ebering_ghost_inner_flame, elyvilon_altar_5, uniq_natasha
D:4:      layout_loops_ring
D:5:      kennysheep_steamy, layout_basic, nemelex_xobeh_ov_fountains_minmay,
          minmay_temple_entry_ruins, serial_corexii_hall,
          chequers_hall_statues_wall_a, corexii_hall_statues_x,
          chequers_hall_statues_corner_a, chequers_hall_statues_corner_a,
          minmay_fountain_box

Skill      XL: |  1  2  3  4  5  6 |
---------------+-------------------+-----
Crossbows      | 5 6 7 |  7.7
Fighting       | 3 4 |  4.8
Armour         | 1 |  1.7
Dodging        | 3 |  3.7
Stealth        | |  1.3

Action                   |  1- 3 |  4- 6 |  7- 9 || total
-------------------------+-------+-------+-------++-------
Melee: Short sword       |    73 |   170 |    23 ||   266
 Fire: Hand crossbow     |       |    16 |    14 ||    30
  Use: Potion            |     2 |       |       ||     2
 Stab: Sleeping          |     3 |     9 |     1 ||    13
Armor: Leather armour    |     4 |       |    10 ||    14
       Scale mail        |    21 |    51 |     5 ||    77
Dodge: Dodged            |    59 |    96 |    33 ||   188

Table legend: (Time is in decaauts)
 A = Elapsed time spent in this place.
 B = Non-inter-level travel time spent in this place.
 C = Inter-level travel time spent in this place.
 D = Time resting spent in this place.
 E = Time spent auto-exploring this place.
 F = Levels seen in this place.
 G = Mean time per level.
                   A        B        C        D        E       F      G
               +--------+--------+--------+--------+--------+-----+--------+
         Total |   5174 |   5007 |    167 |   1152 |   3184 |   5 | 1034.8 |
       Dungeon |   5174 |   5007 |    167 |   1152 |   3184 |   5 | 1034.8 |
               +--------+--------+--------+--------+--------+-----+--------+

Top non-repeatable levels by time:
     D:2: 1351 daAuts
     D:3: 1320 daAuts
     D:1: 1264 daAuts
     D:4: 1182 daAuts
     D:5: 55 daAuts
